 Dungeon Crawl Stone Soup version 0.30-a0-12-gd8047c6341 (webtiles) character file.

Game seed: 2672030593723929825

2235 drpainis the Trooper (level 9, -1/120 HPs)
             Began as a Minotaur Berserker on Aug 23, 2022.
             Was a Priest of Trog.
             Slain by a hornet (9 damage)
             ... on level 7 of the Dungeon.
             The game lasted 00:06:25 (6863 turns).

drpainis the Trooper (Minotaur Berserker)           Turns: 6863, Time: 00:06:27

Health: -1/120     AC: 12    Str: 26    XL:     9   Next: 14%
Magic:  0/8        EV: 11    Int:  4    God:    Trog [***...]
Gold:   272        SH:  0    Dex: 16    Spells: 8/8 levels left

rFire   . . .      SeeInvis .    a - +0 hand axe
rCold   . . .      Faith    .    (no shield)
rNeg    . . .      Spirit   +    F - +0 chain mail
rPois   .          Reflect  .    (helmet restricted)
rElec   .          Harm     .    (no cloak)
rCorr   .          Rampage  .    G - +0 pair of gloves
Will    +....                    (no boots)
Stlth   ..........               p - amulet of guardian spirit
HPRegen 0.30/turn                u - +6 ring of dexterity
MPRegen 0.11/turn                w - ring of willpower

@: berserking, lethally poisoned (-1 -> -11), slowed
A: horns 2, retaliatory headbutt
a: Renounce Religion, Berserk, Trog's Hand


You were on level 7 of the Dungeon.
You worshipped Trog.
Trog was most pleased with you.
You visited 1 branch of the dungeon, and saw 7 of its levels.

You collected 272 gold pieces.

Inventory:

Hand Weapons
 a - a +0 hand axe (weapon)
 t - the +3 dagger of the Foremost Quests {vorpal, Fly rPois}
   (You found it on level 3 of the Dungeon)

   It inflicts extra damage upon your enemies.
   rPois:     It protects you from poison.
   Fly:       It grants you flight.
Missiles
 H - 2 throwing nets (quivered)
Armour
 b - a +0 animal skin
 k - a +0 leather armour
 C - a +0 scale mail
 F - a +0 chain mail (worn)
 G - a +0 pair of gloves (worn)
 K - a +0 cloak
Jewellery
 p - an amulet of guardian spirit (around neck)
 u - a +6 ring of dexterity (left hand)
 w - a ring of willpower (right hand)
Wands
 q - a wand of roots (6)
 B - a wand of mindburst (23)
 L - a wand of flame (14)
Scrolls
 c - 3 scrolls of immolation {unknown}
 e - 7 scrolls of identify {unknown}
 j - a scroll of amnesia {unknown}
 m - 3 scrolls of teleportation {unknown}
 n - a scroll of vulnerability {unknown}
 r - a scroll of fog {unknown}
 s - 2 scrolls of enchant armour {unknown}
 x - a scroll of silence {unknown}
 y - a scroll of blinking {unknown}
 D - 2 scrolls of fear {unknown}
 E - 3 scrolls of poison {unknown}
 I - 2 scrolls of enchant weapon {unknown}
Potions
 d - a potion of degeneration {unknown}
 f - a potion of ambrosia {unknown}
 g - 5 potions of curing {unknown}
 h - a potion of lignification {unknown}
 i - a potion of resistance {unknown}
 l - 2 potions of haste {unknown}
 o - a potion of mutation {unknown}
 v - 4 potions of flight {unknown}
 z - 3 potions of heal wounds {unknown}
 A - a potion of attraction {unknown}
 J - 2 potions of magic {unknown}


   Skills:
 + Level 7.7 Fighting
 + Level 5.3 Short Blades
 + Level 7.5 Axes
 + Level 7.4 Armour
 + Level 5.0 Dodging
 + Level 2.2 Stealth


You had 8 spell levels left.
You didn't know any spells.
Your spell library was empty.

Dungeon Overview and Level Annotations

Branches:
Dungeon (7/15)             Temple (0/1) D:4

Altars:
Elyvilon
Okawaru
Qazlal
Sif Muna
Trog
Uskayaw
Zin


Innate Abilities, Weirdness & Mutations

You have a pair of horns on your head.
You reflexively headbutt those who attack you in melee.


Message History

You can move again.
You hit the hornet but do no damage. Your headbutt misses the hornet.
The hornet is lightly wounded.
You feel very sick. The hornet stings you!
You feel as though you will be slow longer.
The hornet closely misses you.
You closely miss the hornet.
The hornet is lightly wounded.
You feel very sick. The hornet barely misses you. The hornet stings you!
You are more poisoned.
You suddenly lose the ability to move!
You feel very sick. The hornet stings you!
You feel as though you will be slow longer.
You feel very sick.
The hornet stings you but does no damage. x2
You can move again.
A red film seems to cover your vision as you go berserk!
You feel yourself moving faster!
You feel mighty!
You feel very sick. The hornet stings you!
* * * LOW HITPOINT WARNING * * *
You are more poisoned.
You feel as though you will be slow longer.
The hornet barely misses you. You furiously retaliate!
You headbutt the hornet, but do no damage.
You slash the hornet! You punch the hornet, but do no damage.
The hornet is heavily wounded.
You feel very sick. The hornet closely misses you.
You closely miss the hornet. You headbutt the hornet!
The hornet is almost dead.
You feel very sick. The hornet stings you!
* * * LOW HITPOINT WARNING * * *
You feel as though you will be slow longer.
The hornet stings you!
You die...

....................
###8####.########...
###...............
##
#...##...#........
#..
#.#.##.#.........#
#...
+.#.##.###.####...
..... # #.##.. #.#
#... ......###†####
# #.##
.###.y@..####...
#...
.................
#####.
.>...............
......
######...#.......
#####. #...#.......
#. #........?.. #.
#.......#... #.
###.....#... +.
#.....# .. ##


You could see a hornet.

Vanquished Creatures
  Eustachio (D:4)
  3 water moccasins
  A black bear (D:6)
  3 sky beasts
  An ice beast (D:5)
  2 ogres
  2 phantoms
  A kobold brigand (D:7)
  Blork the orc (D:4)
  3 scorpions
  3 howler monkeys
  3 orc priests
  2 hounds
  A jelly (D:6)
  5 iguanas
  Robin (D:4)
  8 adders
  6 gnolls
  A shadow imp (D:6)
  2 white imps
  3 ufetubi
  2 worms (D:2)
  3 dart slugs
  16 orcs
  5 ball pythons
  6 endoplasms
  A giant cockroach (D:2)
  12 goblins
  10 hobgoblins
  A quokka (D:4)
  3 bats
  2 frilled lizards (D:1)
  8 kobolds
  8 rats
130 creatures vanquished.

Notes
Turn   | Place    | Note
-------+----------+-------------------------------------------
     0 | D:1      | drpainis the Minotaur Berserker began the quest for the
                  | Orb.
     0 | D:1      | Reached XP level 1. HP: 19/19 MP: 0/0
     3 | D:1      | Noticed an electric eel
     4 | D:1      | Noticed an electric eel
   157 | D:1      | Reached XP level 2. HP: 18/27 MP: 1/1
   854 | D:2      | Reached XP level 3. HP: 33/33 MP: 2/2
  1369 | D:2      | Reached skill level 5 in Axes
  1549 | D:3      | Reached XP level 4. HP: 40/41 MP: 3/3
  1645 | D:3      | Reached ** piety under Trog
  1850 | D:3      | Found a shimmering blue altar of Sif Muna.
  1869 | D:3      | Identified the +3 dagger of the Foremost Quests {vorpal,
                  | Fly rPois}
  1944 | D:3      | Noticed a scorpion
  1952 | D:3      | Killed a scorpion
  2215 | D:3      | Reached XP level 5. HP: 45/47 MP: 4/4
  2523 | D:4      | Noticed Blork the orc
  2532 | D:4      | Killed Blork the orc
  2533 | D:4      | Reached XP level 6. HP: 32/55 MP: 2/5
  2708 | D:4      | Found a staircase to the Ecumenical Temple.
  2746 | D:4      | Reached skill level 5 in Fighting
  2746 | D:4      | Reached skill level 1 in Short Blades
  2815 | D:4      | Identified the +2 robe of Melancholy {rF+}
  2864 | D:4      | Found a white marble altar of Elyvilon.
  2957 | D:4      | Reached skill level 1 in Stealth
  2996 | D:4      | Noticed a water moccasin
  3004 | D:4      | Killed a water moccasin
  3005 | D:4      | Reached XP level 7. HP: 61/61 MP: 4/6
  3006 | D:4      | Found a glowing silver altar of Zin.
  3019 | D:4      | Noticed Robin
  3028 | D:4      | Killed Robin
  3142 | D:4      | Found a hide-covered altar of Uskayaw.
  3226 | D:4      | Noticed Eustachio
  3241 | D:4      | Killed Eustachio
  3707 | D:5      | Entered Level 5 of the Dungeon
  3798 | D:5      | Found an iron altar of Okawaru.
  3874 | D:5      | Reached *** piety under Trog
  4083 | D:5      | Reached skill level 5 in Armour
  4096 | D:5      | Reached XP level 8. HP: 60/70 MP: 3/7
  5066 | D:6      | Reached skill level 5 in Short Blades
  6253 | D:7      | Found a stormy altar of Qazlal.
  6302 | D:7      | Reached XP level 9. HP: 58/79 MP: 5/8
  6677 | D:7      | Found a bloodstained altar of Trog.
  6770 | D:7      | Reached skill level 5 in Dodging
  6856 | D:7      | Paralysed by a hornet for 1 turns
  6858 | D:7      | Paralysed by a hornet for 3 turns
  6863 | D:7      | Slain by a hornet

Illustrated notes

Levels and vault maps discovered:
D:1:      arrival_aquarium_b, layout_rooms
D:2:      layout_basic
D:3:      layout_basic, mainiacjoe_overflow_alcove_4
D:4:      layout_basic, nicolae_elyvilon_peaceful_grove,
          nicolae_overflow_squiral, minmay_temple_entry_trees, uniq_robin,
          uniq_eustachio, uniq_blork_the_orc
D:5:      layout_basic, okawaru_altar_gauntlet_db
D:6:      layout_basic
D:7:      layout_basic, mainiacjoe_overflow_catwalk, xom_confusion_cloud,
          grunt_gozag_statues, mainiacjoe_overflow_brackets,
          lightli_ossuary_entry_decrepit_ruins, serial_corexii_hall,
          chequers_hall_statues_y, corexii_hall_statues_i,
          chequers_hall_statues_corner_a, corexii_hall_statues_i

Skill      XL: |  1  2  3  4  5  6  7  8  9 |
---------------+----------------------------+-----
Axes           | 4 5 6 7 |  7.5
Fighting       | 4 5 6 7 |  7.7
Armour         | 3 4 5 7 |  7.4
Dodging        | 3 4 5 |  5.0
Short Blades   | 2 3 5 |  5.3
Stealth        | 1 2 |  2.2

Action                   |  1- 3 |  4- 6 |  7- 9 || total
-------------------------+-------+-------+-------++-------
Melee: Hand axe          |    70 |    14 |   109 ||   193
       Headbutt          |    11 |    12 |    48 ||    71
       Punch             |     2 |     1 |     4 ||     7
       Dagger            |       |    63 |   114 ||   177
Invok: Berserk           |       |     1 |     6 ||     7
       Trog's Hand       |       |       |     1 ||     1
Armor: Animal skin       |     3 |       |       ||     3
       Leather armour    |     6 |    16 |    16 ||    38
       Scale mail        |       |       |     9 ||     9
       Chain mail        |       |       |    60 ||    60
Dodge: Dodged            |    43 |    62 |   120 ||   225

Table legend: (Time is in decaauts)
 A = Elapsed time spent in this place.
 B = Non-inter-level travel time spent in this place.
 C = Inter-level travel time spent in this place.
 D = Time resting spent in this place.
 E = Time spent auto-exploring this place.
 F = Levels seen in this place.
 G = Mean time per level.
                   A        B        C        D        E       F      G
               +--------+--------+--------+--------+--------+-----+--------+
         Total |   6894 |   6497 |    397 |      0 |   5435 |   7 |  984.9 |
       Dungeon |   6894 |   6497 |    397 |      0 |   5435 |   7 |  984.9 |
               +--------+--------+--------+--------+--------+-----+--------+

Top non-repeatable levels by time:
     D:6: 1467 daAuts
     D:4: 1387 daAuts
     D:5: 1035 daAuts
     D:3: 897 daAuts
     D:2: 849 daAuts
     D:1: 641 daAuts
     D:7: 615 daAuts
